 Dungeon Crawl Stone Soup version 0.27.0 (webtiles) character file.

Game seed: 5976003105723673412

166 ZARRMARR the Skirmisher (level 5, -1/47 HPs)
             Began as a Hill Orc Fighter on July 30, 2021.
             Succumbed to a gnoll's poison
             ... on level 2 of the Dungeon.
             The game lasted 00:10:50 (2426 turns).

ZARRMARR the Skirmisher (Hill Orc Fighter)          Turns: 2426, Time: 00:10:51

Health: -1/47      AC:  7    Str: 20    XL:     5   Next: 47%
Magic:  5/5        EV:  7    Int:  8    God:
Gold:   108        SH:  9    Dex: 10    Spells: 4/4 levels left

rFire    . . .     SeeInvis .   a - +0 war axe
rCold    . . .     Faith    .   c - +0 kite shield
rNeg     . . .     Spirit   .   b - +0 scale mail
rPois    .         Reflect  .   (no helmet)
rElec    .         Harm     .   (no cloak)
rCorr    .         Rampage  .   (no gloves)
Will     .....                  (no boots)
Stlth    ..........             (no amulet)
HPRegen  0.15/turn              (no ring)
MPRegen  0.09/turn              (no ring)

@: lethally poisoned (-1 -> -31)
A: no striking features
a: no special abilities


You were on level 2 of the Dungeon.
You visited 1 branch of the dungeon, and saw 3 of its levels.

You collected 108 gold pieces.

Inventory:

Hand Weapons
 a - a +0 war axe (weapon)
 e - a +0 short sword of venom
Missiles
 d - 4 boomerangs (quivered)
 h - 4 atropa-tipped darts
 j - 70 stones
Armour
 b - a +0 scale mail (worn)
 c - a +0 kite shield (worn)
Magical Staves
 g - a staff of air
Jewellery
 f - a ring of wizardry
Scrolls
 i - a scroll of amnesia
 k - a scroll of enchant weapon {unknown}
 l - a scroll of acquirement {unknown}


   Skills:
 + Level 4.3 Fighting
 + Level 4.3 Axes
 * Level 1.5 Throwing
 + Level 4.1 Armour
 + Level 0.2 Dodging
 + Level 0.1 Stealth
 + Level 4.2 Shields


You had 4 spell levels left.
You didn't know any spells.
Your spell library was empty.

Dungeon Overview and Level Annotations

Branches:
Dungeon (3/15)

Altars:


Message History

The gnoll barely misses you. The gnoll completely misses you.
The gnoll barely misses you. x2
You climb upwards.
You feel sick.
There is a stone staircase leading down here.
You hit the gnoll.
The gnoll is moderately wounded.
You hit the gnoll.
You feel sick. The gnoll hits you but does no damage.
You are more poisoned.
The gnoll barely misses you.
The gnoll hits you with a +2 whip of venom.
You are more poisoned.
You closely miss the gnoll.
The gnoll is moderately wounded.
Your shield prevents you from hitting the gnoll.
You feel extremely sick. You block the gnoll's attack.
The gnoll closely misses you. The gnoll barely misses you.
You barely miss the gnoll.
The gnoll is moderately wounded.
You barely miss the gnoll.
You feel very sick. You block the gnoll's attack. x2
The gnoll hits you with a +2 whip of venom!
You are lethally poisoned!
Unknown command.
Unknown command.
You hit the gnoll but do no damage.
The gnoll is moderately wounded.
You barely miss the gnoll.
* * * LOW HITPOINT WARNING * * *
You feel extremely sick. The gnoll barely misses you.
You block the gnoll's attack. The gnoll hits you but does no damage.
The gnoll hits you with a +2 whip of venom.
* * * LOW HITPOINT WARNING * * *
You are more poisoned.
You barely miss the gnoll.
The gnoll is moderately wounded.
You completely miss the gnoll.
You die...

..##..##.#####...#.##.###.###
#.##..##.# ###............#
#.##.....# #........###.#.#
#.###.#### #.###.#### #.#.#
#.# #<# #.# #.# #.#.## #.#
#.########.###.# #.#..# #.#
#............#.# #.##<# #.#
##########.#g#.######.##.#
#.# #.#@g........##.# #.#
#.###.#########.# #.# #.# #.#
#####.# #.# #.# #.# #.....#
..# #.# #.# #.##### ### #.#
#.# #.# #.# #.# #.# #.# #.#
#.# #.# #.# #.#


You could see 2 gnolls.

Vanquished Creatures
  A gnoll shaman (D:2)
  A hound (D:2)
  4 adders (D:2)
  A worm (D:2)
  5 dart slugs
  8 bats
  4 endoplasms (D:1)
  A giant cockroach (D:1)
  5 goblins
  2 hobgoblins
  9 jackals
  4 kobolds
  A quokka (D:2)
  5 ball pythons
  4 frilled lizards (D:1)
  6 rats
61 creatures vanquished.

Vanquished Creatures (others)
  A plant (D:1)
1 creature vanquished.

Grand Total: 62 creatures vanquished

Notes
Turn   | Place    | Note
-------+----------+-------------------------------------------
     0 | D:1      | ZARRMARR the Hill Orc Fighter began the quest for the Orb.
     0 | D:1      | Reached XP level 1. HP: 19/19 MP: 1/1
   155 | D:1      | Reached XP level 2. HP: 27/27 MP: 2/2
   582 | D:1      | Reached XP level 3. HP: 33/33 MP: 3/3
  1356 | D:2      | Reached XP level 4. HP: 17/40 MP: 4/4
  1830 | D:2      | Reached XP level 5. HP: 46/46 MP: 5/5
  2013 | D:2      | Reached skill level 1 in Throwing
  2426 | D:2      | Succumbed to a gnoll's poison

Illustrated notes

Levels and vault maps discovered:
D:1:      dpeg_arrival_windows_large_door, layout_basic, serial_bayou_crossing
D:2:      layout_loops_ring, st_stairs_3
D:3:      layout_basic, nicolae_overflow_crystal_walls,
          mainiacjoe_overflow_tiny_flanked, nicolae_dithmenos_shadow_blocks,
          marbit_many_paths, gammafunk_temple_overflow_wave, serial_curves,
          eino_curves_02, eino_curves_01, eino_curves_04, st_stairs_5,
          uniq_robin

Skill      XL: |  1  2  3  4  5 |
---------------+----------------+-----
Fighting       | 4 |  4.3
Axes           | 3 4 |  4.3
Shields        | 4 |  4.2
Armour         | 4 |  4.1
Throwing       | 1 |  1.5
Dodging        | |  0.2
Stealth        | |  0.1

Action                   |  1- 3 |  4- 6 || total
-------------------------+-------+-------++-------
Melee: War axe           |   117 |    36 ||   153
Throw: Stone             |    14 |       ||    14
       Boomerang         |       |    41 ||    41
  Use: Scroll            |     1 |       ||     1
       Potion            |     1 |       ||     1
Armor: Scale mail        |    71 |    11 ||    82
Dodge: Dodged            |    37 |    21 ||    58
Block: Kite shield       |    77 |    17 ||    94
